 Dungeon Sprint DCSS version 0.31-a0-460-g9e667d4245 (webtiles) character file.

Game seed: 7704545119797077671

966 rocky1 the Grappler (level 8, -6/48 HPs)
             Began as an Octopode Shapeshifter on Aug 5, 2023.
             Was an Initiate of Gozag.
             Mangled by a red ugly thing (14 damage)
             ... in the Dungeon (Sprint IX: "|||||||||||||||||||||||||||||").
             The game lasted 00:01:26 (547 turns).

rocky1 the Grappler (Octopode Shapeshifter)          Turns: 547, Time: 00:01:27

Health: -6/48      AC:  3    Str: 14    XL:     8   Next: 15%
Magic:  8/8        EV: 16    Int: 13    God:    Gozag
Gold:   585        SH:  0    Dex: 12    Spells: 7/7 levels left

rFire   . .          .
                       - Unarmed
rCold   . . .        (no shield)
rNeg    . . .        (helmet currently unavailable)
rPois   .            (no amulet)
rElec   .            k - +2 ring of protection
rCorr   .            l - +2 ring of evasion
SInv    .            (no ring)
Will    .....        (no ring)
Stlth   +++++        (no ring)
HPRegen 0.28/turn    (no ring)
MPRegen 0.11/turn    (no ring)
                     (no ring)

%: no teleportation
@: beast-form, gold aura, hasted, very quick
A: beast (slay +7), almost no armour, amphibious, 8 rings, camouflage 1,
gelatinous body 1, (nimble swimmer 1), tentacles
a: Begin Untransformation, Renounce Religion, Potion Petition, Call Merchant,
Bribe Branch


You were in the Dungeon.
You worshipped Gozag.
Gozag was pleased with you.
You were a hulking beast.
You visited 1 branch You collected 585 gold pieces.

Inventory:

Jewellery
 k - a +2 ring of protection (left tentacle)
 l - a +2 ring of evasion (right tentacle)
Talismans
 b - a beast talisman (active)
Wands
 j - a wand of roots (10)
Scrolls
 h - 2 scrolls of blinking
 i - 2 scrolls of amnesia
Potions
 a - a potion of lignification
 c - 5 potions of curing
 f - 4 potions of magic


   Skills:
 + Level 1.6 Fighting
 + Level 5.0 Dodging
 + Level 7.7 Stealth
 * Level 11.5 Unarmed Combat
 - Level 10.0 Shapeshifting


You had 7 spell levels left.
You didn't know any spells.
Your spell library was empty.

Dungeon Overview and Level Annotations

Branches:
Dungeon (1/1)

Altars:
Cheibriados
Dithmenos
Elyvilon
Fedhas
Gozag
Hepliaklqana
Kikubaaqudgha
Makhleb
Nemelex Xobeh
Okawaru
Qazlal
Ru
Sif Muna
Trog
Uskayaw
Vehumet
Wu Jian
Xom
Yredelemnul
Zin
The Shining One
Jiyva
Lugonu


Innate Abilities, Weirdness & Mutations

You are a hulking beast.
Your limbs bulge with bestial killing power. (Slay +7)
You cannot wear most types of armour.
You are amphibious.
You can wear up to eight rings at the same time.
Your skin changes colour to match your surroundings (Stealth+).
Your rubbery body absorbs attacks. (AC +1, EV +1)
((You are camouflaged when in or above water. (Stealth+)))
You have tentacles for arms and can constrict up to eight enemies at once.


Message History

The deep elf pyromancer points at you and mumbles some strange words.
The sticky flame misses you.
The sticky flame hits the cyclops.
The cyclops is covered in liquid flames!
Unknown command.
You feel much better.
The cyclops burns!
The deep elf pyromancer gestures at you while chanting.
The sticky flame hits you!
You are covered in liquid flames!
You bludgeon the deep elf pyromancer! You grab the deep elf pyromancer.
You squeeze the deep elf pyromancer!
The deep elf pyromancer is heavily wounded.
You are covered in liquid flames!
You constrict the deep elf pyromancer.
You feel much better.
You are covered in liquid flames!
You constrict the deep elf pyromancer.
The cyclops burns!
The deep elf pyromancer hits you with a +0 short sword.
You bludgeon the deep elf pyromancer!
The deep elf pyromancer is almost dead.
You are covered in liquid flames!
You constrict the deep elf pyromancer.
The cyclops burns!
The deep elf pyromancer barely misses you.
You tentacle-slap the deep elf pyromancer.
You squeeze the deep elf pyromancer.
You kill the deep elf pyromancer!
Training target 10.0 for Shapeshifting reached!
Your Dodging skill increases to level 5!
Your Stealth skill increases to level 7!
Your Unarmed Combat skill gained 2 levels and is now at level 11!
Your Shapeshifting skill increases to level 10!
You have reached level 8!
You closely miss the red ugly thing. You grab the red ugly thing.
You squeeze the red ugly thing!
The red ugly thing is lightly wounded.
You constrict the red ugly thing, but do no damage.
The cyclops burns!
The red ugly thing tentacle-slaps you!
* * * LOW HITPOINT WARNING * * *
You are engulfed in flames!
You die...
Your body crumbles into a pile of gold.

▓[▓
▓.▓
$
▓.▓
$
▓'▓
$
▓)▓
$
▓)▓
$
▓.▓
$
▓$▓
$ $
▓h▓
$
▓u▓
$
▓'▓
▓C▓
▓z▓
▓y▓
▓C▓
▓.▓
▓.▓


You could see a red ugly thing, a skeletal warrior, 2 cyclopes and a vampire
mosquito.

Vanquished Creatures
  A deep elf pyromancer (D)
  A wraith (D)
  A shadow (D)
  2 centaurs (D)
  2 iguanas (D)
  An adder (D)
  A dart slug (D)
  2 orcs (D)
  A hobgoblin (D)
  A quokka (D)
  A frilled lizard (D)
  A kobold (D)
15 creatures vanquished.

Vanquished Creatures (others)
  A troll (D)
  An orc warrior (D)
2 creatures vanquished.

Grand Total: 17 creatures vanquished

Notes
Turn   | Place    | Note
-------+----------+-------------------------------------------
     0 | D        | rocky1 the Octopode Shapeshifter began the quest for the
                  | Orb.
     0 | D        | Reached XP level 1. HP: 13/13 MP: 1/1
    13 | D        | Reached XP level 2. HP: 16/18 MP: 2/2
   130 | D        | Reached skill level 1 in Stealth
   130 | D        | Reached skill level 4 in Unarmed Combat
   130 | D        | Reached XP level 3. HP: 23/23 MP: 3/3
   132 | D        | Reached skill level 5 in Shapeshifting
   135 | D        | Reached skill level 5 in Unarmed Combat
   137 | D        | Reached XP level 4. HP: 28/28 MP: 4/4
   250 | D        | Found a snail-covered altar of Cheibriados.
   250 | D        | Found a shadowy altar of Dithmenos.
   250 | D        | Found a white marble altar of Elyvilon.
   250 | D        | Found a blossoming altar of Fedhas.
   250 | D        | Found an opulent altar of Gozag.
   251 | D        | Found a hazy altar of Hepliaklqana.
   252 | D        | Found a viscous altar of Jiyva.
   253 | D        | Found an ancient bone altar of Kikubaaqudgha.
   254 | D        | Found a corrupted altar of Lugonu.
   255 | D        | Found a burning altar of Makhleb.
   256 | D        | Found a sparkling altar of Nemelex Xobeh.
   257 | D        | Found an iron altar of Okawaru.
   258 | D        | Found a stormy altar of Qazlal.
   260 | D        | Became a worshipper of Gozag Ym Sagoz the Greedy
   262 | D        | Found a sacrificial altar of Ru.
   263 | D        | Found a shimmering blue altar of Sif Muna.
   264 | D        | Found a bloodstained altar of Trog.
   265 | D        | Found a hide-covered altar of Uskayaw.
   266 | D        | Found a radiant altar of Vehumet.
   267 | D        | Found an ornate altar of the Wu Jian Council.
   268 | D        | Found a shimmering altar of Xom.
   269 | D        | Found a basalt altar of Yredelemnul.
   270 | D        | Found a glowing silver altar of Zin.
   271 | D        | Found a glowing golden altar of the Shining One.
   299 | D        | Noticed an orc warrior
   299 | D        | Noticed a troll
   299 | D        | Noticed a centaur
   299 | D        | Noticed a centaur
   299 | D        | Noticed a shadow
   299 | D        | Noticed a wraith
   307 | D        | Killed a troll
   307 | D        | Killed an orc warrior
   308 | D        | Reached skill level 6 in Unarmed Combat
   308 | D        | Reached XP level 5. HP: 17/33 MP: 5/5
   312 | D        | Killed a centaur
   313 | D        | Reached skill level 7 in Unarmed Combat
   314 | D        | Killed a centaur
   315 | D        | Reached skill level 5 in Stealth
   315 | D        | Reached skill level 8 in Unarmed Combat
   315 | D        | Reached XP level 6. HP: 37/38 MP: 6/6
   323 | D        | Killed a shadow
   324 | D        | Reached skill level 9 in Unarmed Combat
   328 | D        | Killed a wraith
   329 | D        | Reached XP level 7. HP: 14/43 MP: 7/7
   538 | D        | Noticed a cyclops
   538 | D        | Noticed a red ugly thing
   538 | D        | Noticed a deep elf pyromancer
   538 | D        | Noticed a skeletal warrior
   538 | D        | Noticed a vampire mosquito
   538 | D        | Noticed a cyclops
   546 | D        | Killed a deep elf pyromancer
   547 | D        | Reached skill level 5 in Dodging
   547 | D        | Reached skill level 11 in Unarmed Combat
   547 | D        | Reached skill level 10 in Shapeshifting
   547 | D        | Reached XP level 8. HP: 24/48 MP: 8/8
   547 | D        | Mangled by a red ugly thing

Illustrated notes

Levels and vault maps discovered:
D:        linesprint [early_d, line_temple, items_1, d_10, items_2, lair_1,
          lair_end, items_3, orc_1, orc_end, items_4, d_15, swamp_1, shoals_1,
          snake_1, spider_1, d_20, vaults_1, items_5, swamp_end, shoals_end,
          snake_end, spider_end, vaults_end, d_27, items_6, zot_1, zot_end,
          crypt_end, forest_end, elf_end, slime_end, tomb_end, abyss_end,
          pan_hell_end]

Skill      XL: |  1  2  3  4  5  6  7 |
---------------+----------------------+-----
Stealth        | 1 2 3 5 6 7 |  7.7
Unarmed Combat | 4 5 6 8 9 11 | 11.5
Shapeshifting  | 4 5 6 8 9 10 | 10.0
Dodging        | 3 4 5 |  5.0
Fighting       | |  1.6

Action                     |  1- 3 |  4- 6 |  7- 9 || total
---------------------------+-------+-------+-------++-------
  Melee: Unarmed           |    15 |    24 |     5 ||    44
         Tentacles         |     4 |     8 |     3 ||    15
         Constrict         |     3 |     1 |     2 ||     6
         Punch             |       |     1 |       ||     1
    Use: Potion            |     1 |     2 |     3 ||     6
   Stab: Sleeping          |     1 |       |       ||     1
         Invisible         |       |     1 |       ||     1
 Armour: Skin              |     2 |       |       ||     2
  Dodge: Dodged            |     6 |    19 |     2 ||    27

Table legend: (Time is in decaauts)
 A = Elapsed time spent in this place.
 B = Non-inter-level travel time spent in this place.
 C = Inter-level travel time spent in this place.
 D = Time resting spent in this place.
 E = Time spent auto-exploring this place.
 F = Levels seen in this place.
 G = Mean time per level.
                   A        B        C        D        E       F      G
               +--------+--------+--------+--------+--------+-----+--------+
         Total |    550 |    550 |      0 |    428 |      0 |   1 |  550.0 |
       Dungeon |    550 |    550 |      0 |    428 |      0 |   1 |  550.0 |
               +--------+--------+--------+--------+--------+-----+--------+

Top non-repeatable levels by time:
       D: 550 daAuts
